[Event "Titled Tuesday Blitz June 21 Early 2022"]
[White "Borgaonkar Akshay"]
[Black "Lauridsen, Jesper Morch"]
[WhiteFideId "25639110"]
[BlackFideId "1401890"]
[WhiteElo "1660"]
[BlackElo "2234"]
[Result "1-0"]
[Round "08"]
[TimeControl "180+1"]
[Date "2022.06.21"]
[WhiteClock "0:00:07"]
[BlackClock "0:00:01"]

1. e4 c5 2. Nf3 e6 3. b4 b6 4. bxc5 bxc5 5. Bb2 Bb7 6. Nc3 Nc6 7. d4 cxd4 8. Nxd4 Bb4 9. a3 Bxc3+ 10. Bxc3 Nf6 11. Nb5 d5 12. e5 Ne4 13. Nd6+ Nxd6 14. exd6 O-O 15. Rb1 Rb8 16. Qg4 e5 17. Bb5 Qxd6 18. O-O d4 19. Bd2 f5 20. Bc4+ Kh8 21. Qh4 Qg6 22. Bd5 Rbd8 23. Bf3 Ba8 24. Bh5 Qd6 25. Rb3 d3 26. Rxd3 Nd4 27. Rh3 h6 28. Bb4 Qc6 29. Rg3 g5 30. Qh3 f4 31. Bxf8 fxg3 32. fxg3 Rxf8 33. Rxf8+ Kg7 34. Rf7+ Kg8 35. Rf1 Qc5 36. Kh1 Qc4 37. Re1 Nxc2 38. Rd1 1-0


[Site "https://www.chess.com"]

[Event "Titled Tuesday Blitz June 21 Early 2022"]
[White "Bortnyk, Olexandr"]
[Black "Costachi, Mihnea"]
[WhiteFideId "14120828"]
[BlackFideId "1217518"]
[WhiteElo "2723"]
[BlackElo "2476"]
[Result "1-0"]
[Round "08"]
[TimeControl "180+1"]
[Date "2022.06.21"]
[WhiteClock "0:00:06"]
[BlackClock "0:00:04"]

1. d4 d5 2. Nc3 Nf6 3. Bf4 c6 4. e3 Bf5 5. Nf3 h6 6. Ne5 e6 7. g4 Bh7 8. h4 Ne4 9. Nxe4 Bxe4 10. f3 Bh7 11. Bd3 Bxd3 12. Qxd3 Nd7 13. O-O-O Nxe5 14. Bxe5 Qa5 15. Kb1 O-O-O 16. Rc1 f6 17. Bf4 Bd6 18. Bxd6 Rxd6 19. c4 dxc4 20. Rxc4 Kb8 21. Rhc1 e5 22. Qg6 Qc7 23. dxe5 fxe5 24. Qe4 Rf6 25. Rc5 Rhf8 26. Rxe5 Rxf3 27. Re7 Qd8 28. a4 Rf1 29. Rxb7+ Kxb7 30. Qxc6+ Kb8 31. Qb5+ Qb6 32. Rxf1 Rxf1+ 33. Qxf1 Qxe3 34. Qf8+ Kb7 35. Qxg7+ Kb6 36. Qf6+ Kb7 37. Qf7+ Kb6 38. Ka2 Qe4 39. Qb3+ Kc7 40. g5 Qxh4 41. g6 Qg4 42. Qf7+ Kb6 43. Ka3 a5 44. Qf6+ Kb7 45. Qe7+ Kc6 46. Qe8+ Kc7 47. Qe7+ Kc6 48. g7 Qf3+ 49. b3 Qf1 50. Qe6+ Kc7 51. Qc4+ Kb6 52. Qxf1 1-0


[Site "https://www.chess.com"]

[Event "Titled Tuesday Blitz June 21 Early 2022"]
[White "Bryakin, Mikhail"]
[Black "Heinemann, Josefine"]
[WhiteFideId "4165314"]
[BlackFideId "12900460"]
[WhiteElo "2417"]
[BlackElo "2300"]
[Result "1-0"]
[Round "08"]
[TimeControl "180+1"]
[Date "2022.06.21"]
[WhiteClock "0:01:05"]
[BlackClock "0:00:40"]

1. e4 e5 2. d4 exd4 3. Qxd4 Nc6 4. Qd3 Nf6 5. Nc3 Bb4 6. Bg5 h6 7. Bh4 d6 8. O-O-O Bxc3 9. Qxc3 g5 10. Bg3 Qe7 11. h4 g4 12. f3 gxf3 13. gxf3 Be6 14. Ne2 O-O-O 15. Nf4 Nd7 16. Nd5 Bxd5 17. exd5 Nce5 18. f4 Ng4 19. Re1 Qf6 20. Qf3 h5 21. Bb5 Rhe8 22. Qa3 Rxe1+ 23. Rxe1 Kb8 24. Qd3 Nb6 25. a4 a6 26. a5 Nxd5 27. Qxd5 axb5 28. Qxh5 Qg6 29. Qxb5 Ka7 30. Re7 Rc8 31. Qg5 Nf6 32. Qxg6 fxg6 33. Re6 Nh5 34. Rxg6 Kb8 35. Rg5 Rh8 36. Bh2 Kc8 37. b4 Kd7 38. b5 Ke6 39. a6 bxa6 40. bxa6 Nf6 41. a7 c5 42. f5+ Kf7 43. Bxd6 Ne4 44. Be5 Ra8 45. Rg7+ Kf8 46. Rh7 1-0


[Site "https://www.chess.com"]

[Event "Titled Tuesday Blitz June 21 Early 2022"]
[White "Buscar, Michael"]
[Black "Florescu, Codrut-Constantin"]
[WhiteFideId "2603616"]
[BlackFideId "1202200"]
[WhiteElo "2010"]
[BlackElo "2191"]
[Result "1-0"]
[Round "08"]
[TimeControl "180+1"]
[Date "2022.06.21"]
[WhiteClock "0:00:03"]
[BlackClock "0:00:07"]

1. Nf3 d5 2. b3 Nf6 3. Bb2 e6 4. e3 Bd6 5. c4 O-O 6. cxd5 exd5 7. Be2 c5 8. O-O Nc6 9. d3 b6 10. a3 Bb7 11. Nbd2 a5 12. Qc2 Rc8 13. Rac1 Qe7 14. Rfe1 Rfd8 15. Qb1 a4 16. bxa4 Ra8 17. Bd1 Ne5 18. Nxe5 Bxe5 19. Bxe5 Qxe5 20. Qxb6 Ba6 21. Nf3 Qf5 22. Rxc5 Bxd3 23. Nd4 Qd7 24. Rc7 Qe8 25. Nc6 Ra6 26. Qb7 Rda8 27. Nb4 R6a7 28. Qxa7 Rxa7 29. Rxa7 Bc4 30. Be2 h5 31. Bxc4 dxc4 32. Rc1 Ng4 33. Rxc4 Qe5 34. g3 Qf5 35. Rf4 Qb1+ 36. Kg2 f6 37. Nd5 Qa2 38. Ne7+ Kh7 39. Nf5 Qd5+ 40. e4 Qd2 41. Nxg7 Ne3+ 42. Kf3 Nd1 43. Nxh5+ Kh8 44. Kg2 Ne3+ 45. Kh3 Nd1 46. Nxf6 Nxf2+ 47. Rxf2 Qxf2 48. Rh7# 1-0


[Site "https://www.chess.com"]

[Event "Titled Tuesday Blitz June 21 Early 2022"]
[White "Carrasco Miranda, Andres"]
[Black "D`Arruda, Ricardo D."]
[WhiteFideId "3405990"]
[BlackFideId "100692"]
[WhiteElo "2177"]
[BlackElo "2506"]
[Result "0-1"]
[Round "08"]
[TimeControl "180+1"]
[Date "2022.06.21"]
[WhiteClock "0:00:01"]
[BlackClock "0:00:41"]

1. d4 Nf6 2. c4 e5 3. dxe5 Ne4 4. a3 Nc6 5. Nf3 d6 6. Nbd2 Nxd2 7. Bxd2 dxe5 8. Bc3 Qxd1+ 9. Rxd1 f6 10. e3 Be6 11. Be2 a5 12. O-O Be7 13. Nd2 O-O-O 14. h3 a4 15. Bg4 Bxg4 16. hxg4 Rd3 17. Ne4 Rxd1 18. Rxd1 h5 19. gxh5 Rxh5 20. g4 Rh8 21. Kg2 g6 22. Rh1 Rxh1 23. Kxh1 Kd7 24. Kg2 Ke6 25. Kf3 f5 26. gxf5+ gxf5 27. Ng3 e4+ 28. Ke2 Bd6 29. Nh5 Be5 30. Bxe5 Kxe5 31. Kd2 Na5 32. Kc3 c5 33. Nf4 Nb3 34. Ng6+ Kd6 35. Nh4 Ke6 36. Ng6 Nc1 37. Nf4+ Kd6 38. Kd2 Nb3+ 39. Kc3 Na5 40. Ne2 Nc6 41. Ng3 Ke6 42. Ne2 Ne5 43. Nf4+ Kd6 44. b3 axb3 45. Kxb3 Ng4 46. Nh3 Kc6 47. Kc3 Kb6 48. Kb3 Ka5 49. Ka2 Ka4 50. Kb2 Ne5 51. Nf4 Nxc4+ 52. Kc3 Nxa3 0-1


[Site "https://www.chess.com"]

[Event "Titled Tuesday Blitz June 21 Early 2022"]
[White "Cherniaiev, Tykhon"]
[Black "Durarbayli, Vasif"]
[WhiteFideId "14182360"]
[BlackFideId "13402935"]
[WhiteElo "2289"]
[BlackElo "2528"]
[Result "1/2-1/2"]
[Round "08"]
[TimeControl "180+1"]
[Date "2022.06.21"]
[WhiteClock "0:00:10"]
[BlackClock "0:00:05"]

1. Nf3 Nf6 2. d4 b6 3. c4 e6 4. g3 Bb7 5. Bg2 Be7 6. O-O O-O 7. Nc3 Ne4 8. Qc2 Nxc3 9. bxc3 f5 10. Ne1 Bxg2 11. Nxg2 Nc6 12. e4 Na5 13. exf5 Rxf5 14. Ne3 Rf7 15. Qe4 Qf8 16. f4 Re8 17. Bd2 Bf6 18. Rae1 Qa3 19. Qc2 Rff8 20. Bc1 Qd6 21. Qe4 Qc6 22. Qd3 Qa4 23. Re2 a6 24. Ref2 Qc6 25. Ba3 d6 26. Re2 Qa4 27. Bc1 Qc6 28. Ba3 Qa4 29. Bc1 Re7 30. Rfe1 Rfe8 31. h4 Qc6 32. d5 exd5 33. Nxd5 Rxe2 34. Rxe2 Rxe2 35. Qxe2 Kf8 36. Qe6 Qxc4 37. Qc8+ Kf7 38. Qd7+ Kf8 39. Qc8+ Kf7 40. Qd7+ Kf8 41. Qc8+ 1/2-1/2


[Site "https://www.chess.com"]

[Event "Titled Tuesday Blitz June 21 Early 2022"]
[White "Chigaev, Maksim"]
[Black "Sadhwani, Raunak"]
[WhiteFideId "4108116"]
[BlackFideId "35093487"]
[WhiteElo "2457"]
[BlackElo "2616"]
[Result "1-0"]
[Round "08"]
[TimeControl "180+1"]
[Date "2022.06.21"]
[WhiteClock "0:00:06"]
[BlackClock "0:00:02"]

1. e4 e5 2. Nf3 Nc6 3. g3 Nf6 4. d3 g6 5. Bg2 d5 6. exd5 Nxd5 7. O-O Bg7 8. Re1 O-O 9. Nbd2 h6 10. a3 a5 11. Nc4 Re8 12. Ne3 Be6 13. Rb1 a4 14. Nc4 Bc8 15. Bd2 b6 16. Bc3 Nxc3 17. bxc3 Rb8 18. Nfd2 Bb7 19. Ne4 Ne7 20. h4 Nd5 21. Ne3 Ne7 22. c4 Qd7 23. h5 f5 24. Nc3 Bxg2 25. Kxg2 g5 26. Ncd5 Rf8 27. Nxe7+ Qxe7 28. Qf3 g4 29. Qc6 Rbd8 30. Nd5 Qf7 31. Qxc7 Rd7 32. Qxb6 Qxh5 33. Qe6+ Rdf7 34. Rh1 Qg5 35. Rb7 f4 36. Rxf7 Rxf7 37. Rb1 Qh5 38. Rb7 fxg3 39. Rxf7 Qxf7 40. Qxf7+ Kxf7 41. Kxg3 h5 42. f3 gxf3 43. Kxf3 Bf8 44. Nc3 Bxa3 45. Nxa4 Be7 46. Nc3 Ke6 47. Ne4 Kf5 48. Ng3+ Kg6 49. Ne4 Kf5 50. Ng3+ Kg6 51. Ke4 h4 52. Nh1 Kf6 53. Nf2 Ke6 54. Nh3 Bd8 55. c3 Bf6 56. d4 exd4 57. cxd4 Bd8 58. c5 Kd7 59. Kd5 Kc7 60. Kc4 Be7 61. d5 Bf8 62. Kb5 Be7 63. Nf4 Kb7 64. d6 Bf6 65. c6+ Kc8 66. Kc5 Kd8 67. Kd5 Ke8 68. Ke6 1-0


[Site "https://www.chess.com"]

[Event "Titled Tuesday Blitz June 21 Early 2022"]
[White "Ciuffoletti, Paolo"]
[Black "Kopczynski, Michal"]
[WhiteFideId "807630"]
[BlackFideId "1124200"]
[WhiteElo "2143"]
[BlackElo "2235"]
[Result "0-1"]
[Round "08"]
[TimeControl "180+1"]
[Date "2022.06.21"]
[WhiteClock "0:00:01"]
[BlackClock "0:00:19"]

1. e4 c5 2. d4 cxd4 3. c3 d5 4. exd5 Qxd5 5. cxd4 Nc6 6. Nf3 Bg4 7. Nc3 Bxf3 8. gxf3 Qxd4 9. Qxd4 Nxd4 10. Nb5 Ne6 11. f4 a6 12. f5 axb5 13. Bxb5+ Kd8 14. fxe6 fxe6 15. Bf4 Nf6 16. O-O-O+ Nd5 17. Rhe1 Kc8 18. Bg3 Rxa2 19. Kb1 Ra5 20. Be8 g6 21. Be5 Nf6 22. Bf7 Ra6 23. Rc1+ Rc6 24. Bxe6+ Kd8 25. Red1+ Ke8 26. Bd7+ Nxd7 27. Bxh8 Rxc1+ 28. Rxc1 e5 29. Rc7 b5 30. Rb7 b4 31. Rb5 Bd6 32. Bg7 Ke7 33. Bh6 Ke6 34. Bg5 e4 35. Rb7 h5 36. h4 Ne5 37. Kc2 Nd3 38. Rb6 Kd5 39. f3 Ne1+ 40. Kd1 Nxf3 41. Ke2 Nd4+ 42. Kd1 Nf5 43. Bf6 e3 44. Ke2 Ng3+ 45. Kf3 e2 46. Rxd6+ Kxd6 47. Kf2 Ne4+ 48. Kxe2 Nxf6 0-1


[Site "https://www.chess.com"]

[Event "Titled Tuesday Blitz June 21 Early 2022"]
[White "Clawitter, Craig"]
[Black "Joubert, Dantelle"]
[WhiteFideId "2023105"]
[BlackFideId "14310813"]
[WhiteElo "2262"]
[BlackElo "1507"]
[Result "1-0"]
[Round "08"]
[TimeControl "180+1"]
[Date "2022.06.21"]
[WhiteClock "0:00:59"]
[BlackClock "0:00:02"]

1. e4 e5 2. Nf3 Nc6 3. Bb5 Nf6 4. d3 Bc5 5. Bxc6 dxc6 6. Nbd2 O-O 7. O-O Bg4 8. h3 Bh5 9. Nc4 Nd7 10. Be3 Qe7 11. Bxc5 Qxc5 12. Ne3 Rad8 13. g4 Bg6 14. Nf5 Rfe8 15. Kg2 Nf8 16. N3h4 Ne6 17. a3 Nf4+ 18. Kh2 Re6 19. Ng2 Nxg2 20. Kxg2 a5 21. b4 axb4 22. axb4 Qf8 23. Ra7 Qxb4 24. Qb1 Qxb1 25. Rxb1 b5 26. Rxc7 Bxf5 27. gxf5 Red6 28. Ra1 g6 29. Raa7 1-0


[Site "https://www.chess.com"]

[Event "Titled Tuesday Blitz June 21 Early 2022"]
[White "Corrales Jimenez, Fidel"]
[Black "Domingo Nunez, Ruben"]
[WhiteFideId "3506690"]
[BlackFideId "22245570"]
[WhiteElo "2541"]
[BlackElo "2376"]
[Result "1-0"]
[Round "08"]
[TimeControl "180+1"]
[Date "2022.06.21"]
[WhiteClock "0:00:15"]
[BlackClock "0:00:13"]

1. d4 g6 2. c4 Bg7 3. Nc3 d6 4. e4 Nd7 5. Be2 e5 6. d5 a5 7. h4 h5 8. Bg5 Bf6 9. Qd2 Nc5 10. g3 Bd7 11. Be3 b6 12. Nf3 Bg7 13. Ng5 f6 14. Nh3 Bh6 15. f4 Qe7 16. Nf2 f5 17. exf5 Bxf5 18. O-O-O a4 19. Bxc5 exf4 20. gxf4 bxc5 21. Bd3 Qf7 22. Rhe1+ Kd8 23. Kb1 Ne7 24. Nfe4 Bg4 25. Be2 Bxf4 26. Qc2 Nf5 27. Bxg4 hxg4 28. Nb5 Ne3 29. Qc3 Re8 30. Rxe3 Re7 31. Re2 Qf5 32. Rde1 g3 33. Qf3 Kd7 34. Ka1 Rae8 35. a3 g2 36. Qxg2 Be5 37. Ka2 Bh8 38. Rf1 Qh5 39. Qh3+ Kd8 40. Na7 Rd7 41. Nxc5 dxc5 42. Nc6+ Kc8 43. Rxe8+ Kb7 44. Rb8+ Ka6 45. Qxd7 Qg4 46. Qxg4 1-0


[Site "https://www.chess.com"]

[Event "Titled Tuesday Blitz June 21 Early 2022"]
[White "Coto Mederos, Michel"]
[Black "Vifleemskaia, Svetlana"]
[WhiteFideId "3508528"]
[BlackFideId "4129490"]
[WhiteElo "2427"]
[BlackElo "1929"]
[Result "1-0"]
[Round "08"]
[TimeControl "180+1"]
[Date "2022.06.21"]
[WhiteClock "0:00:05"]
[BlackClock "0:00:01"]

1. d4 Nf6 2. Bg5 Ne4 3. Bf4 d5 4. f3 Nf6 5. e3 c5 6. Nd2 Nc6 7. c3 h6 8. Bg3 Bf5 9. Nh3 g5 10. Nf2 e6 11. Bd3 Bxd3 12. Nxd3 c4 13. Ne5 Bd6 14. Qa4 Qc7 15. O-O Nd7 16. f4 f6 17. Nexc4 dxc4 18. Nxc4 Nb6 19. Nxd6+ Qxd6 20. Qc2 Qe7 21. fxg5 hxg5 22. Qg6+ Qf7 23. Rxf6 Qxg6 24. Rxg6 Kd7 25. Rf1 Rhg8 26. Rf7+ Ne7 27. Rxg8 Rxg8 28. e4 Ke8 29. Rh7 Nd7 30. Bd6 Ng6 31. g3 Ngf8 32. Re7+ Kd8 33. Kg2 Ng6 34. Rxe6 Nb6 35. b3 Kd7 36. d5 Nc8 37. Ba3 Nf8 38. Rf6 Ng6 39. Rf7+ Kd8 40. Rxb7 Ne5 41. Rb8 Kc7 42. Rb5 a6 43. Rc5+ Kb7 44. c4 Nd3 45. Rc6 1-0


[Site "https://www.chess.com"]

[Event "Titled Tuesday Blitz June 21 Early 2022"]
[White "Cramling Bellon, Anna"]
[Black "Pein, Jonathan"]
[WhiteFideId "32009232"]
[BlackFideId "417092"]
[WhiteElo "1905"]
[BlackElo "2140"]
[Result "0-1"]
[Round "08"]
[TimeControl "180+1"]
[Date "2022.06.21"]
[WhiteClock "0:00:03"]
[BlackClock "0:00:32"]

1. d4 a6 2. c4 b5 3. cxb5 axb5 4. e4 c6 5. Nf3 g6 6. d5 Bg7 7. dxc6 dxc6 8. Qxd8+ Kxd8 9. Bf4 Bxb2 10. Be5 Bxa1 11. Bxa1 f6 12. Ng5 Ke8 13. h4 Rxa2 14. Bc3 e5 15. Nf3 Be6 16. h5 gxh5 17. Rxh5 Nd7 18. Be2 Ne7 19. Nbd2 Nc5 20. Nxe5 Na4 21. Bd4 fxe5 22. Bxe5 Rg8 23. Rxh7 Rxg2 24. Bh5+ Kd7 25. Bf6 Rg1+ 26. Ke2 Nc3+ 27. Bxc3 Bg4+ 28. Bxg4+ Rxg4 29. Kf3 Rg6 30. Bb4 Re6 31. Nb3 Ke8 32. Nd4 Rf6+ 0-1


[Site "https://www.chess.com"]

[Event "Titled Tuesday Blitz June 21 Early 2022"]
[White "Cunha, Lucas Aguiar"]
[Black "Goltseva, Ekaterina"]
[WhiteFideId "2125404"]
[BlackFideId "24173770"]
[WhiteElo "2328"]
[BlackElo "2086"]
[Result "1-0"]
[Round "08"]
[TimeControl "180+1"]
[Date "2022.06.21"]
[WhiteClock "0:01:32"]
[BlackClock "0:00:18"]

1. e4 e5 2. Nf3 Nc6 3. Nc3 Nf6 4. Bb5 Bd6 5. d3 a6 6. Bc4 O-O 7. a3 Nd4 8. Bg5 c6 9. O-O b5 10. Ba2 Bc7 11. h3 Ne6 12. Be3 d5 13. d4 exd4 14. Nxd4 Nxd4 15. Qxd4 dxe4 16. Qc5 Qd6 17. Rfd1 Qh2+ 18. Kf1 Qh1+ 19. Ke2 Qxg2 20. Rg1 Qf3+ 21. Ke1 Bh2 22. Rxg7+ Kh8 23. Qxf8+ 1-0


[Site "https://www.chess.com"]

[Event "Titled Tuesday Blitz June 21 Early 2022"]
[White "Daeschler, Florian"]
[Black "Al-Tarboush, Ward"]
[WhiteFideId "20678193"]
[BlackFideId "7601450"]
[WhiteElo "2221"]
[BlackElo "2249"]
[Result "1-0"]
[Round "08"]
[TimeControl "180+1"]
[Date "2022.06.21"]
[WhiteClock "0:00:11"]
[BlackClock "0:00:03"]

1. e4 b6 2. d4 Bb7 3. Bd3 e6 4. Nd2 c5 5. c3 Nf6 6. Ne2 Be7 7. O-O Nc6 8. a3 d6 9. Nf3 O-O 10. Ng3 Rc8 11. Re1 Rc7 12. Qe2 cxd4 13. cxd4 Qa8 14. e5 dxe5 15. dxe5 Nd7 16. Bg5 Nc5 17. Bxh7+ Kxh7 18. Bxe7 Rh8 19. Bxc5 bxc5 20. Rad1 Nd4 21. Nxd4 cxd4 22. Rxd4 Bxg2 23. Red1 Bf3 24. Qd3+ g6 25. Re1 Kg7 26. Qe3 Bd5 27. Qf4 Rc2 28. Qf6+ Kg8 29. Ne4 Qc6 30. Ng5 Qc7 31. Red1 Rc1 32. h3 Rxd1+ 33. Rxd1 Rh4 34. Nxe6 1-0


[Site "https://www.chess.com"]

[Event "Titled Tuesday Blitz June 21 Early 2022"]
[White "De Souza, Cristiano Gomes"]
[Black "Kalaiyalahan, Akshaya"]
[WhiteFideId "2151758"]
[BlackFideId "422894"]
[WhiteElo "2068"]
[BlackElo "1913"]
[Result "0-1"]
[Round "08"]
[TimeControl "180+1"]
[Date "2022.06.21"]
[WhiteClock "0:01:02"]
[BlackClock "0:00:10"]

1. d4 d5 2. c4 c6 3. Nf3 Nf6 4. Nc3 Bf5 5. a4 e6 6. Bg5 Be7 7. e3 O-O 8. a5 Nbd7 9. Qa4 Qc7 10. Be2 h6 11. Bh4 dxc4 12. Bxc4 e5 13. Bg3 Bd6 14. dxe5 Nxe5 15. Nxe5 Bxe5 16. Bxe5 Qxe5 17. O-O Ng4 18. g3 Bd7 19. Rad1 Qh5 20. h4 Ne5 21. Be2 Qg6 22. Qf4 Rae8 23. Rd4 h5 24. Rfd1 Bg4 25. Bxg4 hxg4 26. Ne4 Nf3+ 27. Kg2 Nxd4 28. Rxd4 c5 29. Rc4 Qc6 30. Qf5 b6 31. axb6 axb6 32. Kh2 b5 33. Rxc5 Qxe4 34. Rxb5 Qxf5 35. Rxf5 g6 36. Rf4 f5 37. Kg2 Rb8 38. b4 Rb5 39. e4 Rfb8 40. exf5 gxf5 41. f3 gxf3+ 42. Kxf3 Rxb4 43. Rxf5 Rf8 44. Rxf8+ Kxf8 45. g4 Kg7 46. h5 Kh6 47. Kg3 Kg5 48. Kf3 Rxg4 0-1


[Site "https://www.chess.com"]

[Event "Titled Tuesday Blitz June 21 Early 2022"]
[White "Deviprasath, Sharvesh"]
[Black "Kowalysko, Roman"]
[WhiteFideId "30938228"]
[BlackFideId "30918510"]
[WhiteElo "2102"]
[BlackElo "2136"]
[Result "1-0"]
[Round "08"]
[TimeControl "180+1"]
[Date "2022.06.21"]
[WhiteClock "0:00:06"]
[BlackClock "0:00:03"]

1. e4 c5 2. Nc3 Nc6 3. Bb5 Nd4 4. Nf3 e6 5. O-O a6 6. Bd3 Nxf3+ 7. Qxf3 Nf6 8. e5 Ng8 9. Ne4 d5 10. exd6 Bxd6 11. b3 Be5 12. Ba3 Ne7 13. Bxc5 f5 14. Nc3 Bxh2+ 15. Kxh2 Qc7+ 16. Qg3 Qxc5 17. Qxg7 Rg8 18. Qh6 Rg6 19. Qe3 Qd6+ 20. Kg1 Bd7 21. g3 O-O-O 22. Rfe1 Nc6 23. Na4 Nd4 24. c3 Bxa4 25. cxd4 Bc6 26. Rac1 Kb8 27. Rc4 Bd5 28. Rc5 f4 29. Qe5 Qxe5 30. Rxe5 Rg4 31. Be2 Rg6 32. Bh5 Rh6 33. Kf1 fxg3 34. fxg3 Rf8+ 35. Ke1 Rhf6 36. Be2 Rg8 37. Rc3 Rh6 38. Bc4 Rh1+ 39. Ke2 Rh2+ 40. Kd1 Bxc4 41. bxc4 Rf8 42. Rxe6 Rf1+ 43. Kc2 Ra1 44. Ra3 Rg1 45. d5 Rgg2 46. Rd3 Kc7 47. Re7+ Kd6 48. Re6+ Kd7 49. Rb6 Kc7 50. Rf6 Kd7 51. Rf7+ Kd6 52. c5+ Kxc5 53. d6 Rh6 54. d7 Rc6 55. d8=Q Kb5+ 56. Kb2 Re2 57. Rb3+ Kc5 58. Rf5+ Kc4 59. Qd5# 1-0


[Site "https://www.chess.com"]

[Event "Titled Tuesday Blitz June 21 Early 2022"]
[White "Dubov, Daniil"]
[Black "Martinez Alcantara, Jose Eduardo"]
[WhiteFideId "24126055"]
[BlackFideId "3805662"]
[WhiteElo "2791"]
[BlackElo "2703"]
[Result "1-0"]
[Round "08"]
[TimeControl "180+1"]
[Date "2022.06.21"]
[WhiteClock "0:00:06"]
[BlackClock "0:00:14"]

1. d4 Nf6 2. Nf3 e6 3. g3 b5 4. Bg2 Bb7 5. O-O Be7 6. Bg5 O-O 7. Nbd2 d6 8. c3 Nbd7 9. a4 a6 10. Qc2 Rb8 11. Rfd1 h6 12. Bxf6 Nxf6 13. e4 Nd7 14. b4 c6 15. h4 Qc7 16. Rdc1 Rfc8 17. Bh3 bxa4 18. Qxa4 c5 19. bxc5 dxc5 20. d5 Nb6 21. Qa5 exd5 22. Bxc8 Bxc8 23. exd5 Nxd5 24. Qxc7 Nxc7 25. Rcb1 Ra8 26. c4 Ne8 27. Ra3 Bd6 28. Ne4 Bf5 29. Re1 Bf8 30. Ne5 Be6 31. Rea1 Nd6 32. Nxc5 Nxc4 33. Nxc4 Bxc4 34. Ra4 Bb5 35. Ra5 Rc8 36. Nxa6 Be2 37. R5a2 Bd3 38. Rd2 Be4 39. Rd4 Bf3 40. Rd3 Be2 41. Rd2 Bf3 42. Rd3 Bb7 43. Rb3 Bd5 44. Rb8 Rc4 45. Rd8 Bb7 46. Nb8 g6 47. Nd7 Kg7 48. Rxf8 Rd4 49. Rd8 Bc6 50. Ne5 Rxd8 51. Nxc6 Rd5 52. Nb4 Rd2 53. Rc1 g5 54. hxg5 hxg5 55. Nc2 f5 56. Ne1 f4 57. gxf4 gxf4 58. Nf3 Ra2 59. Kg2 Kf6 60. Rc5 Ra8 61. Rc6+ Kf5 62. Rc5+ Kf6 63. Rd5 Rg8+ 64. Kf1 Rg7 65. Rd4 Kf5 66. Rc4 Kg4 67. Nd4 Ra7 68. Ne2 Rf7 69. Kg2 Rf8 70. Rb4 Rf7 71. f3+ Kg5 72. Kf2 Rf8 73. Rb5+ Kg6 74. Nc3 Ra8 75. Ne4 Ra2+ 76. Kf1 Ra3 77. Kg2 Re3 78. Rc5 Ra3 79. Rg5+ Kf7 80. Rf5+ Ke6 81. Rxf4 Ke5 82. Kg3 Kd4 83. Rf8 Ke3 84. Nf2 Ra1 85. Ng4+ Kd4 86. f4 Kd5 87. f5 Kd6 88. Kh4 Ke7 89. Rb8 Ra6 90. Kg5 Kf7 91. Rb7+ Kf8 92. Ne5 Ra1 93. Ng6+ Kg8 94. Rb8+ Kf7 95. Rb7+ Kg8 96. Ne7+ Kf8 97. Nd5 Rd1 98. Nf4 Kg8 99. Kf6 Ra1 100. Ne6 1-0


[Site "https://www.chess.com"]

[Event "Titled Tuesday Blitz June 21 Early 2022"]
[White "Einarsson, Halldor Gretar"]
[Black "Ovezdurdyyeva, Jemal"]
[WhiteFideId "2300150"]
[BlackFideId "14001888"]
[WhiteElo "2114"]
[BlackElo "1946"]
[Result "0-1"]
[Round "08"]
[TimeControl "180+1"]
[Date "2022.06.21"]
[WhiteClock "0:00:15"]
[BlackClock "0:01:52"]

1. d4 Nf6 2. c4 g6 3. f3 Bg7 4. e4 c6 5. Nc3 d5 6. cxd5 cxd5 7. e5 Ng8 8. Bb5+ Nc6 9. Nge2 e6 10. h4 Ne7 11. h5 Nf5 12. g4 Nh4 13. Kf2 g5 14. b3 h6 15. Ba3 Bd7 16. Rc1 Qb6 17. Qd3 Nxe5 18. Bxd7+ Kxd7 19. Bc5 Nxd3+ 20. Ke3 Nxc5 0-1


[Site "https://www.chess.com"]

[Event "Titled Tuesday Blitz June 21 Early 2022"]
[White "Fedoseev, Vladimir"]
[Black "Bortnyk, Mykola"]
[WhiteFideId "24130737"]
[BlackFideId "14120836"]
[WhiteElo "2726"]
[BlackElo "2582"]
[Result "1-0"]
[Round "08"]
[TimeControl "180+1"]
[Date "2022.06.21"]
[WhiteClock "0:01:03"]
[BlackClock "0:00:01"]

1. e4 Nf6 2. e5 Nd5 3. d4 d6 4. Nf3 dxe5 5. Nxe5 c6 6. Be2 Bf5 7. O-O Nd7 8. Bd3 Bg6 9. Nxg6 hxg6 10. c4 Nb4 11. Be2 e5 12. a3 Na6 13. d5 cxd5 14. Qxd5 Nc7 15. Qxb7 Rb8 16. Qc6 Rb6 17. Qa4 Bc5 18. Nc3 Qh4 19. h3 Rf6 20. Be3 Ne6 21. Bg4 Bxe3 22. fxe3 Qg3 23. Nd5 Rxf1+ 24. Rxf1 f5 25. Qc6 Nf8 26. Bxf5 gxf5 27. Rxf5 Qe1+ 28. Kh2 Qh4 29. Qc8+ Qd8 30. Nc7+ Ke7 31. Rf7+ Kxf7 32. Qxd8 Nf6 33. Qd6 e4 34. Kg1 Rh6 35. Qd4 a5 36. b4 axb4 37. axb4 Rh5 38. b5 N8d7 39. b6 Ra5 40. b7 Ra2 41. c5 Rc2 42. Na6 Rc1+ 43. Kh2 Kg6 44. Qd6 1-0


[Site "https://www.chess.com"]

[Event "Titled Tuesday Blitz June 21 Early 2022"]
[White "Garcia Cuenca, Victor"]
[Black "Martin Carmona, Gaston Manuel"]
[WhiteFideId "2250829"]
[BlackFideId "22284567"]
[WhiteElo "2317"]
[BlackElo "2162"]
[Result "0-1"]
[Round "08"]
[TimeControl "180+1"]
[Date "2022.06.21"]
[WhiteClock "0:00:05"]
[BlackClock "0:00:32"]

1. d4 Nf6 2. Nf3 e6 3. b3 b6 4. Bb2 Bb7 5. Nbd2 Be7 6. e3 O-O 7. Bd3 c5 8. Qe2 d6 9. e4 cxd4 10. Nxd4 Nbd7 11. c4 a6 12. O-O Qc7 13. Kh1 Rfe8 14. Rac1 Rac8 15. Bb1 Qb8 16. f4 Bd8 17. Rce1 Qa8 18. e5 dxe5 19. fxe5 Nxe5 20. Qxe5 Bxg2+ 21. Kg1 Bc7 22. Qg5 Bxf1 23. Rxf1 Bd8 24. Ne2 Rc5 25. Qg3 Kh8 26. Ne4 Rh5 27. Nxf6 gxf6 28. Rxf6 e5 29. Qf3 Rg5+ 30. Ng3 Qxf3 31. Rxf3 f6 32. Kf2 Rg7 33. Ne4 Reg8 34. Ng3 Rd7 35. Bf5 Rd2+ 36. Ke3 Rxb2 37. Ne4 Rxh2 38. Nd6 Kg7 39. Rg3+ Kf8 40. Rf3 Rgg2 41. Ke4 Rf2 42. Rg3 Rf4+ 43. Kd5 Rd2+ 44. Ke6 Rxd6+ 45. Kxd6 Rxf5 46. Kd7 Be7 47. Rg1 e4 48. Re1 Re5 0-1


[Site "https://www.chess.com"]

[Event "Titled Tuesday Blitz June 21 Early 2022"]
[White "Gracia Alvarez, Gerardo Antonio"]
[Black "Melikhov, Evgeny V."]
[WhiteFideId "5109124"]
[BlackFideId "4122046"]
[WhiteElo "2139"]
[BlackElo "1904"]
[Result "1-0"]
[Round "08"]
[TimeControl "180+1"]
[Date "2022.06.21"]
[WhiteClock "0:00:26"]
[BlackClock "0:00:05"]

1. e4 e5 2. Nf3 Nc6 3. d4 exd4 4. Nxd4 Bc5 5. Nb3 Bb6 6. Nc3 Nf6 7. Bg5 h6 8. Bh4 g5 9. Bg3 d6 10. Qe2 Be6 11. O-O-O Qe7 12. f3 O-O-O 13. Bf2 Bxf2 14. Qxf2 Kb8 15. Nd4 Nxd4 16. Qxd4 Bd7 17. Bc4 Bc6 18. Rhe1 Nd7 19. Bd5 Qe5 20. Bxc6 Qxd4 21. Rxd4 bxc6 22. Ne2 c5 23. Rdd1 h5 24. Ng3 h4 25. Nf5 Ne5 26. Rf1 Rde8 27. b3 c4 28. b4 Kc8 29. Rd5 Kd7 30. a3 Rb8 31. Kd2 Ke6 32. Nd4+ Kd7 33. Nf5 Ke6 34. Ra5 Rb7 35. Kc3 Rhb8 36. Ne3 Rb6 37. Rxa7 c5 38. Nd5 R6b7 39. Rxb7 Rxb7 40. g3 hxg3 41. hxg3 cxb4+ 42. axb4 Ra7 43. f4 gxf4 44. gxf4 Nc6 45. Kxc4 Ra3 46. c3 Nb8 47. Rh1 Nd7 48. Rh6+ f6 49. Rh7 Ra1 50. Re7# 1-0


[Site "https://www.chess.com"]